 Dungeon Crawl Stone Soup version 0.30-a0-859-gf88a04b62d (webtiles) character file.

Game seed: 16957394000409862527

196 lunkers the Slasher (level 6, 0/76 HPs)
             Began as a Meteoran Fighter on Mar 7, 2023.
             Was an Initiate of Ashenzari.
             Slain by an orc
             ... wielding a +0 hand axe
              (4 damage)
             ... on level 4 of the Dungeon.
             The game lasted 00:04:32 (1140 turns).

lunkers the Slasher (Meteoran Fighter)              Turns: 1140, Time: 00:04:32

Health: 0/76       AC:  4    Str: 17    XL:     6   Next: 25%
Magic:  7/7        EV:  9    Int: 10    God:    Ashenzari [......]
Gold:   137        SH:  5    Dex: 16    Spells: 5/5 levels left

rFire   . . .      SeeInvis .    a - +0 long sword
rCold   . . .      Faith    .    c - +0 buckler
rNeg    . . .      Spirit   .    b - +0 scale mail
rPois   .          Reflect  .    (no helmet)
rElec   .          Rampage  .    (no cloak)
rCorr   .                        e - +0 pair of gloves "Astral Insecurity" {Melee, Alch} (curse)
Will    .....                    (no boots) Stlth
                                 (no amulet)
HPRegen 0.32/turn                (no ring)
MPRegen 0.10/turn                (no ring)

@: berserking (expiring), corroded, glowing, very quick
A: sense surroundings 1, otherworldly, glowing, explore regen
a: Renounce Religion, Shatter the Chains


You were on level 4 of the Dungeon.
You worshipped Ashenzari.
Ashenzari was noncommittal.
You visited 1 branch of the dungeon, and saw 4 of its levels.

You collected 137 gold pieces.

Inventory:

Hand Weapons
 a - a +0 long sword (weapon)
 f - a +2 dagger of flaming
Armour
 b - a +0 scale mail (worn)
 c - a +0 buckler (worn)
 e - the cursed +0 pair of gloves "Astral Insecurity" (worn) {Melee, Alch}
   (You found it on level 4 of the Dungeon)

   It has a curse which improves the following skills: Melee Combat: Short
   Blades, Long Blades, Axes, Maces & Flails, Polearms, Staves and Unarmed
   Combat.
   Alchemy:   Poison Magic and Transmutations.
Scrolls
 h - a scroll of fog {unknown}
 j - a scroll of teleportation
Potions
 d - a potion of might
 g - a potion of curing {unknown}
 k - a potion of haste {unknown}
 l - a potion of brilliance {unknown}
 m - 2 potions of heal wounds {unknown}


   Skills:
 - Level 3.2 Fighting
 + Level 7.0(7.4) Long Blades
 - Level 3.6 Armour
 - Level 3.6 Shields


You had 5 spell levels left.
You didn't know any spells.
Your spell library contained the following spells:

 Spells                   Type           Power      Damage    Failure   Level
 Cigotuvi's Dreadful Rot  Necr/Pois/Air  0%         N/A       94%         2
 Poisonous Vapours        Pois/Air       0%         N/A       94%         2
 Static Discharge         Conj/Air       0%         2-2/arc   94%         2
 Mephitic Cloud           Conj/Pois/Air  0%         N/A       99%         3
 Vhi's Electric Charge    Tloc/Air       0%         N/A       99%         3
 Arcjolt                  Conj/Air       0%         1d10      100%        5
 Lightning Bolt           Conj/Air       0%         1d11      100%        5


Dungeon Overview and Level Annotations

Branches:
Dungeon (4/15) Zot: 1232
 Temple: D:4-7

Altars:
Ashenzari


Innate Abilities, Weirdness & Mutations

You passively map a small area around you.
You are easily found by Zot.
You glow in the dark.
You regain HP and MP as you explore.


Message History

* * * LOW HITPOINT WARNING * * *
Unknown command.
You closely miss the orc priest.
The orc priest hits you but does no damage. x2
You block the orc's attack.
Unknown command.
Unknown command.
You barely miss the orc priest. The orc barely misses you.
The orc priest mumbles some strange prayers to Beogh against you.
Pain shoots through your body!
* * * LOW HITPOINT WARNING * * *
The orc priest barely misses you.
Unknown command.
Unknown command.
You hit the orc wizard but do no damage.
The orc priest calls down the wrath of Beogh upon you.
Pain shoots through your body!
* * * LOW HITPOINT WARNING * * *
The orc priest hits you with a +0 whip.
* * * LOW HITPOINT WARNING * * *
The orc hits you with a +0 trident.
* * * LOW HITPOINT WARNING * * *
The orc wizard points at you and mumbles some strange words.
The puff of flame hits you.
* * * LOW HITPOINT WARNING * * *
The orc priest hits you from afar with a +0 trident.
* * * LOW HITPOINT WARNING * * *
The orc closely misses you. The orc barely misses you.
Unknown command.
You slash the orc wizard!
The orc wizard is severely wounded.
You block the orc's attack.
The orc wizard hits you but does no damage.
You block the orc priest's attack.
The orc priest hits you with a +0 dagger.
* * * LOW HITPOINT WARNING * * *
The orc barely misses you. The orc priest hits you with a +0 whip.
* * * LOW HITPOINT WARNING * * *
The orc hits you with a +0 hand axe.
You die...

, ....... ..#......#...
*
..........#..##.....#...
.......?..#..#########..
..........#..##.....##..
,,
..........#..#..........
..........#..#..†.......
......o...#..#..........
,
......oo.....##..##.##.#
,
.....oo@..#.#######.####
, *,
......ooo.....#.........
,
..............#........[
..............#'########
,.....................#
, .....................#
, .....................#
.....................# ,
.................#


You could see 3 orc priests, an orc wizard and 4 orcs.

Vanquished Creatures
  A jelly (D:4)
  2 iguanas (D:4)
  Natasha (D:2)
  2 adders
  An ufetubus (D:3)
  2 worms
  3 dart slugs
  4 endoplasms
  2 giant cockroaches (D:4)
  3 goblins
  5 hobgoblins
  3 ball pythons
  5 bats
  4 frilled lizards
  4 kobolds
  6 rats
48 creatures vanquished.

Notes
Turn   | Place    | Note
-------+----------+-------------------------------------------
     0 | D:1      | lunkers the Meteoran Fighter began the quest for the Orb.
     0 | D:1      | Reached XP level 1. HP: 19/19 MP: 2/2
    66 | D:1      | Reached skill level 3 in Long Blades
    66 | D:1      | Reached XP level 2. HP: 26/26 MP: 3/3
   133 | D:1      | Reached XP level 3. HP: 27/31 MP: 4/4
   225 | D:1      | Reached skill level 4 in Long Blades
   292 | D:2      | Found a broken altar of Ashenzari.
   346 | D:2      | Became a worshipper of Ashenzari the Shackled
   547 | D:2      | Noticed Natasha
   560 | D:2      | Killed Natasha
   561 | D:2      | Reached skill level 5 in Long Blades
   561 | D:2      | Reached XP level 4. HP: 7/38 MP: 5/5
   704 | D:3      | Reached XP level 5. HP: 40/45 MP: 6/6
   718 | D:3      | Found a faded altar of an unknown god.
   896 | D:4      | Identified the +1 leather armour of Fortification {Harm rN+
                  | Str-2}
   957 | D:4      | Reached skill level 6 in Long Blades
  1133 | D:4      | Reached skill level 7 in Long Blades
  1133 | D:4      | Reached XP level 6. HP: 40/51 MP: 7/7
  1140 | D:4      | Slain by an orc

Illustrated notes

Levels and vault maps discovered:
D:1:      dpeg_arrival_tiny_c, layout_rooms, serial_forest,
          infiniplex_forest_lined_1, infiniplex_forest_clump_medium,
          infiniplex_forest_end_double, infiniplex_forest_lined_room_2,
          infiniplex_forest_end_3
D:2:      layout_basic, basic_altar, uniq_sigmund, uniq_natasha
D:3:      layout_loops_ring, nicolae_uskayaw_dance_hall, lemuel_tele_altar,
          hellmonk_ecumenical_altar_blasted
D:4:      layout_gridville

Skill      XL: |  1  2  3  4  5 |
---------------+----------------+-----
Long Blades    | 3 5 7 |  7.0
Fighting       | |  3.2
Armour         | |  3.6
Shields        | |  3.6

Action                     |  1- 3 |  4- 6 || total
---------------------------+-------+-------++-------
  Melee: Long sword        |   105 |    57 ||   162
 Invoke: Curse Item        |       |     1 ||     1
    Use: Scroll            |       |     6 ||     6
         Potion            |       |     1 ||     1
 Armour: Scale mail        |    45 |    21 ||    66
  Dodge: Dodged            |    34 |    19 ||    53
  Block: Buckler           |    21 |    13 ||    34

Table legend: (Time is in decaauts)
 A = Elapsed time spent in this place.
 B = Non-inter-level travel time spent in this place.
 C = Inter-level travel time spent in this place.
 D = Time resting spent in this place.
 E = Time spent auto-exploring this place.
 F = Levels seen in this place.
 G = Mean time per level.
                   A        B        C        D        E       F      G
               +--------+--------+--------+--------+--------+-----+--------+
         Total |   1166 |   1116 |     50 |      0 |    671 |   4 |  291.5 |
       Dungeon |   1166 |   1116 |     50 |      0 |    671 |   4 |  291.5 |
               +--------+--------+--------+--------+--------+-----+--------+

Top non-repeatable levels by time:
     D:2: 367 daAuts
     D:1: 304 daAuts
     D:4: 277 daAuts
     D:3: 217 daAuts
